 Dungeon Crawl Stone Soup version 0.31.0-10-gcf4a605ca0 (webtiles) character file.

Game seed: 7913659451141131603

510 Curundu the Chopper (level 6, -5/84 HPs)
             Began as a Minotaur Berserker on Jan 25, 2024.
             Was a Believer of Trog.
             Slain by a sleepcap (8 damage)
             ... on level 4 of the Dungeon.
             The game lasted 00:11:33 (2641 turns).

Curundu the Chopper (Minotaur Berserker)            Turns: 2641, Time: 00:11:33

Health: -5/84      AC:  1    Str: 24    XL:     6   Next: 98%
Magic:  5/5        EV: 11    Int:  4    God:    Trog [**....]
Gold:   109        SH:  0    Dex:  9    Spells: 5/5 levels left

rFire   + . .        a - +1 hand axe (heavy)
rCold   . . .        (no shield)
rNeg    . . .        j - +0 ring mail
rPois   .            (helmet restricted)
rElec   .            t - +0 cloak
rCorr   .            (no gloves)
SInv    .            c - +1 pair of boots
Will    .....        (no amulet) Stlth
                     e - ring of protection from fire
HPRegen 0.34/turn    (no ring)
MPRegen 0.09/turn

%: no passive effects
@: berserking, corroded, very quick
A: horns 2, retaliatory headbutt
a: Renounce Religion, Berserk, Trog's Hand


You were on level 4 of the Dungeon.
You worshipped Trog.
Trog was pleased with you.
You visited 1 branch of the dungeon, and saw 4 of its levels.

You collected 109 gold pieces.

Inventory:

Hand Weapons
 a - a +1 heavy hand axe (weapon)
Armour
 c - a +1 pair of boots (worn)
 j - a +0 ring mail (worn)
 t - a +0 cloak (worn)
Jewellery
 e - a ring of protection from fire (left hand)
 g - a ring of willpower
 m - a ring of fire
 r - a ring of ice
Scrolls
 n - a scroll of teleportation
 o - a scroll of summoning {unknown}
 p - a scroll of blinking
 s - a scroll of fear
 v - a scroll of identify
Potions
 b - a potion of brilliance {unknown}
 d - a potion of attraction {unknown}
 f - 3 potions of mutation
 h - a potion of enlightenment {unknown}
 i - 4 potions of haste
 k - a potion of berserk rage {unknown}
 l - 2 potions of curing
 u - a potion of lignification {unknown}


   Skills:
 + Level 5.3 Fighting
 + Level 6.7 Axes
 + Level 4.9 Armour
 + Level 3.4 Dodging
 + Level 0.7 Stealth


You had 5 spell levels left.
You didn't know any spells.
Your spell library was empty.

Dungeon Overview and Level Annotations

Branches:
Dungeon (4/15)
 Temple: D:4-7

Altars:

Shops:
D:3 (


Innate Abilities, Weirdness & Mutations

You have a pair of horns on your head.
You reflexively headbutt those who attack you in melee.


Message History

The ogre barely misses you.
You hit the ogre.
The ogre is severely wounded.
The ogre misses you.
You slash the ogre!
You kill the ogre!
Trog accepts your kill.
Found 11 gold pieces.
A jelly comes into view.
You see here a +0 giant club.
The jelly quivers.
A sleepcap comes into view.
The jelly hits you. The acid corrodes you!
You are splashed with acid!
You hit the jelly. The acid corrodes you!
Your hands burn!
The jelly is lightly wounded.
The jelly closely misses you. You furiously retaliate!
You headbutt the jelly, but do no damage.
You slash the jelly!
Your hands burn!
The jelly is severely wounded.
The jelly completely misses you. You furiously retaliate!
You headbutt the jelly. The jelly barely misses you.
You hit the jelly but do no damage.
Your hands burn!
The jelly is almost dead.
The jelly closely misses you.
You slice the jelly!!
You kill the jelly!
Trog accepts your kill.
You hit the sleepcap but do no damage. The sleepcap releases spores at you!
* * * LOW HITPOINT WARNING * * *
You are engulfed in a cloud of soporific spores!
You fall asleep.
The sleepcap releases spores at you!
You wake up.
* * * LOW HITPOINT WARNING * * *
A red film seems to cover your vision as you go berserk!
You feel yourself moving faster!
You feel mighty! The sleepcap closely misses you.
You completely miss the sleepcap. You headbutt the sleepcap!
The sleepcap is heavily damaged.
The sleepcap releases spores at you!
You die...

...#......### #.
##.......)....#
##.###....##.........
##........##.........#
#.......#.###.........
###.....##..##.........
#........#..###........
#..#..f...)..#..........
#......@..)?....##......
##....#........###...##.
..... ##...##..# ##...#.
.##. #..####..# ##.###
.. ..... ....# #...## ..
####$.........#....# .
.......##....#..#
.......##......## ...
... ..........#


You could see a sleepcap.

Vanquished Creatures
  Eustachio (D:4)
  An ogre (D:4)
  Blork the orc (D:4)
  A bombardier beetle (D:4)
  A hound (D:4)
  A jelly (D:4)
  3 gnolls (D:2)
  2 adders (D:3)
  A ribbon worm (D:4)
  7 orcs
  4 endoplasms
  2 giant cockroaches
  5 goblins
  5 hobgoblins
  16 jackals
  8 kobolds
  3 quokkas (D:1)
  4 ball pythons
  3 bats
  10 rats
79 creatures vanquished.

Notes
Turn   | Place    | Note
-------+----------+-------------------------------------------
     0 | D:1      | Curundu the Minotaur Berserker began the quest for the Orb.
     0 | D:1      | Reached XP level 1. HP: 19/19 MP: 0/0
   102 | D:1      | Reached XP level 2. HP: 27/27 MP: 1/1
   308 | D:1      | Reached skill level 4 in Axes
  1033 | D:2      | Reached ** piety under Trog
  1034 | D:2      | Reached XP level 3. HP: 34/34 MP: 2/2
  1378 | D:2      | Reached XP level 4. HP: 34/41 MP: 3/3
  1749 | D:3      | Found Couh's Weapon Shoppe.
  1974 | D:3      | Reached skill level 5 in Axes
  2461 | D:4      | Noticed Blork the orc
  2467 | D:4      | Noticed Eustachio
  2469 | D:4      | Killed Blork the orc
  2470 | D:4      | Reached XP level 5. HP: 47/47 MP: 4/4
  2499 | D:4      | Killed Eustachio
  2500 | D:4      | Reached skill level 5 in Fighting
  2500 | D:4      | Reached skill level 6 in Axes
  2500 | D:4      | Reached XP level 6. HP: 56/56 MP: 5/5
  2631 | D:4      | Reached *** piety under Trog
  2639 | D:4      | HP: 1/56 [sleepcap (11)]
  2641 | D:4      | Slain by a sleepcap

Illustrated notes

Levels and vault maps discovered:
D:1:      shiori_arrival_oz, layout_loops_corners, chequers_garden,
          minmay_hexomino_p4
D:2:      layout_basic
D:3:      layout_loops_ring, serial_shops, nicolae_shop_hallway_stairs,
          hex_large
D:4:      layout_cave_pools, mainiacjoe_overflow_paths,
          hangedman_abyss_or_decor_stabs, uniq_blork_the_orc, uniq_eustachio,
          uniq_pikel

Skill      XL: |  1  2  3  4  5 |
---------------+----------------+-----
Fighting       | 4 5 |  5.3
Axes           | 4 5 6 |  6.7
Armour         | 3 4 |  4.9
Dodging        | 3 |  3.4
Stealth        | |  0.7

Action                     |  1- 3 |  4- 6 || total
---------------------------+-------+-------++-------
  Melee: Hand axe          |    69 |    70 ||   139
         Headbutt          |    10 |    12 ||    22
         Punch             |     1 |     1 ||     2
 Invoke: Trog's Hand       |       |     2 ||     2
         Berserk           |       |     2 ||     2
    Use: Scroll            |     4 |     8 ||    12
 Armour: Animal skin       |    18 |       ||    18
         Ring mail         |    36 |    47 ||    83
         Skin              |     5 |       ||     5
  Dodge: Dodged            |    80 |    55 ||   135
